Map: Lightshade LE

Players

MaSa

  • Race: Terran Terran
  • League: Master
  • Spawn Location: 11:00

Vindicta - Winner!

  • Race: Terran Terran
  • League: Master
  • Spawn Location: 5:00

Event: DreamHack SC2 Masters 2020 Winter

VOD

Have the link to the VOD?

Description

Time

  • Played on: Oct. 13, 2020, 7:46 p.m.
  • Length: 6:12

All games in this series

Show
View Real Time Build Order
Export as new Build Order

MaSa Terran 

Build Orders: Gas First Reaper Expand 

Get SALT Encoding   

  12  0:00  SCV  
  13  0:12  SCV  
  14  0:17  Supply Depot  
  14  0:24  SCV  
  15  0:31  Refinery  
  15  0:38  SCV  
  16  0:43  Barracks  
  16  0:50  SCV  
  17  1:02  SCV  
  18  1:15  SCV  
  19  1:30  Reaper, Orbital Command  
  20  1:47  Command Center  
  20  1:55  Factory  
  20  2:03  Bunker  
  20  2:06  Marine  
  21  2:09  SCV  
  22  2:19  Supply Depot  
  22  2:24  Marine  
  22  2:41  Hellion  
  22  2:42  Marine  
  21  3:00  Marine  
  21  3:02  Hellion  
  21  3:18  Marine  
  22  3:23  SCV  
  20  3:27  Hellion  
  19  3:35  Marine  
  19  3:50  Hellion  
  19  4:00  Orbital Command  
  16  4:07  SCV  
  14  4:27  SCV  
  15  4:37  SCV  
  16  4:41  SCV  
  17  4:49  SCV  
  18  4:53  SCV  
  19  5:01  SCV  
  19  5:05  SCV  
  21  5:12  Cyclone  
  23  5:24  SCV  
  23  5:25  Marine  
  22  5:29  Orbital Command  
  22  5:43  SCV  
  24  5:57  SCV  
Show
View Real Time Build Order
Export as new Build Order

Vindicta Terran - Winner!

Build Orders:  

Get SALT Encoding   

  12  0:01  SCV  
  13  0:13  SCV  
  14  0:18  Supply Depot  
  14  0:25  SCV  
  15  0:42  Barracks  
  15  0:50  Barracks  
  15  0:57  Refinery  
  15  1:01  SCV  
  16  1:13  SCV  
  17  1:32  Orbital Command  
  17  1:42  Barracks Tech Lab  
  17  1:45  Refinery  
  17  1:53  Barracks Tech Lab  
  17  1:54  Supply Depot  
  17  2:01  Marauder  
  19  2:07  Concussive Shells  
  19  2:09  SCV  
  19  2:15  Marauder  
  22  2:22  Marauder  
  24  2:36  Marauder  
  26  2:41  SCV  
  26  2:43  Marauder  
  27  2:57  Marauder  
  27  3:02  SCV  
  27  3:05  Factory  
  24  3:14  Marauder  
  28  3:20  Marauder  
  28  3:23  Bunker  
  29  3:32  Supply Depot  
  29  3:33  SCV  
  27  3:41  Marauder  
  27  3:48  Marauder  
  28  3:49  SCV  
  27  3:57  Factory Tech Lab  
  27  4:01  SCV  
  28  4:16  Cyclone  
  29  4:18  SCV  
  29  4:19  Starport  
  26  4:37  Command Center  
  26  4:39  SCV  
  27  4:49  Marauder  
  27  4:51  Cyclone  
  32  4:59  Liberator  
  35  5:03  Marine  
  36  5:11  Marauder  
  39  5:14  SCV  
  39  5:27  Supply Depot  
  39  5:28  Marine  
  38  5:44  Supply Depot  
  38  5:46  Marauder  
  39  5:58  Starport Tech Lab  
  39  5:59  SCV  
  39  6:03  Supply Depot  
Tags
 
Add a new tag
Caveats
  • Supply blocks, unpowered buildings, or Contaminate may cause inaccurate times.
  • Supply counts are checked every 10 seconds.